TOP OF THE 1ST |
Chicago (WIN) White Sox batting - Pitching for Asheville Tourists : RHP Iehohs Inatho
|
Pitching: RHP Iehohs Inatho
|
|
Batting: RHB Jason Moss
|
0-0: Foul Ball, location: 2F 0-1: Foul Ball, location: 2F 0-2: Ball 1-2: SINGLE (Flyball, 8RS, EV 95.6 MPH)
|
Batting: LHB Hirakito Herring
|
0-0: Ball Jason Moss steals 2nd base (no throw) 1-0: Ball 2-0: Swinging Strike 2-1: Ball 3-1: Ground out 4-3 (Groundball, 4, EV 80.0 MPH) Jason Moss to third
|
Batting: RHB Brad Boals
|
0-0: Ball 1-0: Called Strike 1-1: Foul Ball, location: 2F 1-2: Ball 2-2: SINGLE (Line Drive, 5D, EV 103.1 MPH) Jason Moss scores
|
Batting: LHB Angel Tellez
|
0-0: Called Strike 0-1: Foul Ball, location: 2F 0-2: DOUBLE (Line Drive, 78D, EV 100.0 MPH) Brad Boals to third Runner from 3rd tries for Home, SAFE, throw by LF to home
|
Batting: LHB Ryan Dyal
|
0-0: Called Strike 0-1: Foul Ball, location: 2F 0-2: Strikes out swinging
|
Batting: RHB Danny Longoria
|
0-0: Ball 1-0: Ground out 5-3 (Groundball, 56S, EV 86.2 MPH)
|
Top of the 1st over - 2 runs, 3 hits, 0 errors, 1 left on base; Chicago (WIN) 2 - Asheville 0 |
BOTTOM OF THE 1ST |
Asheville Tourists batting - Pitching for Chicago (WIN) White Sox : RHP Derrick Easley
|
Pitching: RHP Derrick Easley
|
|
Batting: RHB Juan Figueroa
|
0-0: Ball 1-0: Fly out, F6 (Popup, 6, EV 60.0 MPH)
|
Batting: SHB Jamie Mims
|
0-0: Foul Ball, location: 2F 0-1: Ball 1-1: Swinging Strike 1-2: Strikes out looking
|
Batting: RHB Ray Insley
|
0-0: Ball 1-0: Ball 2-0: Ball 3-0: Base on Balls
|
Batting: RHB Chris Osting
|
0-0: Ball 1-0: Ground out 5-3 (Groundball, 56S, EV 81.9 MPH)
|
Bottom of the 1st over - 0 runs, 0 hits, 0 errors, 1 left on base; Chicago (WIN) 2 - Asheville 0 |
TOP OF THE 2ND |
Chicago (WIN) White Sox batting - Pitching for Asheville Tourists : RHP Iehohs Inatho
|
Batting: LHB John Thurman
|
0-0: Foul Ball, location: 2F 0-1: Ground out 3-1 (Groundball, 34, EV 83.1 MPH)
|
Batting: RHB Jose Medina
|
0-0: Called Strike 0-1: Ball 1-1: Foul Ball, location: 2F 1-2: Strikes out swinging
|
Batting: RHB John Iddings
|
0-0: Foul Ball, location: 2F 0-1: Ball 1-1: Ball 2-1: Called Strike 2-2: Foul Ball, location: 2F 2-2: Strikes out swinging
|
Top of the 2nd over - 0 runs, 0 hits, 0 errors, 0 left on base; Chicago (WIN) 2 - Asheville 0 |
BOTTOM OF THE 2ND |
Asheville Tourists batting - Pitching for Chicago (WIN) White Sox : RHP Derrick Easley
|
Batting: LHB Harry Folsom
|
0-0: Ball 1-0: Ball 2-0: Foul Ball, location: 2F 2-1: SINGLE (Line Drive, 9LS, EV 109.4 MPH)
|
Batting: RHB John Stevenson
|
0-0: Called Strike 0-1: Ball Harry Folsom is caught stealing 2nd base 2-4 1-1: Called Strike 1-2: Foul Ball, location: 2F 1-2: Ball 2-2: Foul Ball, location: 2F 2-2: Foul Ball, location: 2F 2-2: Ball 3-2: DOUBLE (Line Drive, 7LS, EV 108.8 MPH)
|
Batting: RHB Matviy Oliynyk
|
0-0: Ball 1-0: Ball 2-0: Ball 3-0: Called Strike 3-1: Foul Ball, location: 2F 3-2: Foul Ball, location: 2F 3-2: Foul Ball, location: 2F 3-2: Base on Balls
|
Batting: LHB Iehohs Inatho
|
0-0: Called Strike 0-1: Ball 1-1: Foul Ball, location: 2F 1-2: Strikes out looking
|
Batting: RHB Kevin McKasson
|
0-0: Swinging Strike 0-1: Foul Ball, location: 2F 0-2: Ball 1-2: Foul Ball, location: 2F 1-2: Strikes out looking
|
Bottom of the 2nd over - 0 runs, 2 hits, 0 errors, 2 left on base; Chicago (WIN) 2 - Asheville 0 |
TOP OF THE 3RD |
Chicago (WIN) White Sox batting - Pitching for Asheville Tourists : RHP Iehohs Inatho
|
Batting: RHB Jason Moss
|
0-0: Ball 1-0: Ball 2-0: Called Strike 2-1: Ball 3-1: Foul Ball, location: 2F 3-2: Reached on error, E4 (Groundball, 4, EV 81.9 MPH)
|
Batting: LHB Hirakito Herring
|
0-0: Called Strike 0-1: Ball 1-1: Ground out 4-3 (Groundball, 34D, EV 100.0 MPH) Jason Moss to third
|
Batting: RHB Brad Boals
|
0-0: Ball 1-0: Called Strike 1-1: Ball Wild Pitch! Jason Moss scores 2-1: Ball 3-1: Base on Balls
|
Batting: LHB Angel Tellez
|
0-0: Ball 1-0: Swinging Strike 1-1: Called Strike 1-2: Fielders Choice at 2nd, 4-6 (Groundball, 34, EV 105.0 MPH)
|
Batting: LHB Ryan Dyal
|
0-0: Fielders Choice at 2nd, 6-4 (Groundball, 6, EV 78.8 MPH)
|
Top of the 3rd over - 1 run, 0 hits, 1 error, 1 left on base; Chicago (WIN) 3 - Asheville 0 |
BOTTOM OF THE 3RD |
Asheville Tourists batting - Pitching for Chicago (WIN) White Sox : RHP Derrick Easley
|
Batting: RHB Juan Figueroa
|
0-0: Called Strike 0-1: Foul Ball, location: 2F 0-2: Ball 1-2: Ball 2-2: Ball 3-2: Fly out, F7 (Line Drive, 78D, EV 95.0 MPH)
|
Batting: SHB Jamie Mims
|
0-0: Swinging Strike 0-1: Called Strike 0-2: Ball 1-2: Strikes out swinging
|
Batting: RHB Ray Insley
|
0-0: Called Strike 0-1: Foul Ball, location: 2F 0-2: Foul Ball, location: 2F 0-2: Strikes out swinging
|
Bottom of the 3rd over - 0 runs, 0 hits, 0 errors, 0 left on base; Chicago (WIN) 3 - Asheville 0 |
TOP OF THE 4TH |
Chicago (WIN) White Sox batting - Pitching for Asheville Tourists : RHP Iehohs Inatho
|
Batting: RHB Danny Longoria
|
0-0: SINGLE (Line Drive, 89S, EV 98.1 MPH)
|
Batting: LHB John Thurman
|
0-0: Ball 1-0: Ball 2-0: Ball 3-0: Called Strike 3-1: Base on Balls Danny Longoria to second
|
Batting: RHB Jose Medina
|
0-0: Ball 1-0: Foul Ball, location: 2F 1-1: Called Strike 1-2: Strikes out looking
|
Batting: RHB John Iddings
|
0-0: Ball 1-0: Swinging Strike 1-1: Ball 2-1: Ball 3-1: Swinging Strike 3-2: Base on Balls Danny Longoria to third John Thurman to second
|
Batting: RHB Jason Moss
|
0-0: DOUBLE (Flyball, 89XD, EV 104.4 MPH) Danny Longoria scores John Thurman scores John Iddings to third
|
Pitching: RHP Zach Sommer
|
|
Batting: LHB Hirakito Herring
|
0-0: Called Strike 0-1: SINGLE (Groundball, 34D, EV 105.0 MPH) John Iddings scores Jason Moss to third
|
Batting: RHB Brad Boals
|
0-0: Foul Ball, location: 2F 0-1: Fly out, F8 (Flyball, 8LM, EV 90.6 MPH) Runner from 3rd tags up, SCORES, no throw by CF
|
Batting: LHB Angel Tellez
|
0-0: Ball 1-0: 2-RUN HOME RUN (Flyball, 9LD, EV 93.8 MPH), Distance : 341 ft
|
Batting: LHB Ryan Dyal
|
0-0: Ball 1-0: Ball 2-0: Foul Ball, location: 2F 2-1: Foul Ball, location: 2F 2-2: Foul Ball, location: 2F 2-2: Foul Ball, location: 2F 2-2: Foul Ball, location: 2F 2-2: Ground out 4-3 (Groundball, 4, EV 90.0 MPH)
|
Top of the 4th over - 6 runs, 4 hits, 0 errors, 0 left on base; Chicago (WIN) 9 - Asheville 0 |
BOTTOM OF THE 4TH |
Asheville Tourists batting - Pitching for Chicago (WIN) White Sox : RHP Derrick Easley
|
Batting: RHB Chris Osting
|
0-0: Ball 1-0: Ball 2-0: Ball 3-0: Called Strike 3-1: Called Strike 3-2: SINGLE (Line Drive, 4MD, EV 110.0 MPH)
|
Batting: LHB Harry Folsom
|
0-0: Fly out, F8 (Flyball, 78M, EV 76.2 MPH)
|
Batting: RHB John Stevenson
|
0-0: Called Strike 0-1: Ball 1-1: Fly out, F8 (Flyball, 8RM, EV 88.8 MPH)
|
Batting: RHB Matviy Oliynyk
|
0-0: Called Strike Chris Osting is caught stealing 2nd base 2-4
|
Bottom of the 4th over - 0 runs, 1 hit, 0 errors, 0 left on base; Chicago (WIN) 9 - Asheville 0 |
TOP OF THE 5TH |
Chicago (WIN) White Sox batting - Pitching for Asheville Tourists : RHP Zach Sommer
|
Batting: RHB Danny Longoria
|
0-0: Called Strike 0-1: Called Strike 0-2: Ball 1-2: Strikes out swinging
|
Batting: LHB John Thurman
|
0-0: Ball 1-0: Called Strike 1-1: Called Strike 1-2: Foul Ball, location: 2F 1-2: Ball 2-2: Fly out, F6 (Popup, 6S, EV 65.0 MPH)
|
Batting: RHB Jose Medina
|
0-0: Ball 1-0: Swinging Strike 1-1: Swinging Strike 1-2: Ball 2-2: Strikes out swinging
|
Top of the 5th over - 0 runs, 0 hits, 0 errors, 0 left on base; Chicago (WIN) 9 - Asheville 0 |
BOTTOM OF THE 5TH |
Asheville Tourists batting - Pitching for Chicago (WIN) White Sox : RHP Derrick Easley
|
Batting: RHB Matviy Oliynyk
|
0-0: Foul Ball, location: 2F 0-1: Fly out, F9 (Flyball, 9, EV 87.5 MPH)
|
Batting: LHB Iehohs Inatho
|
0-0: Ball 1-0: Fly out, F8 (Flyball, 8LS, EV 95.6 MPH)
|
Batting: RHB Kevin McKasson
|
0-0: Called Strike 0-1: Ball 1-1: Foul Ball, location: 2F 1-2: Ball 2-2: Foul Ball, location: 2F 2-2: Foul Ball, location: 2F 2-2: Foul Ball, location: 2F 2-2: Strikes out swinging
|
Bottom of the 5th over - 0 runs, 0 hits, 0 errors, 0 left on base; Chicago (WIN) 9 - Asheville 0 |
TOP OF THE 6TH |
Chicago (WIN) White Sox batting - Pitching for Asheville Tourists : RHP Zach Sommer
|
Batting: RHB John Iddings
|
0-0: Foul Ball, location: 2F 0-1: Swinging Strike 0-2: Strikes out swinging
|
Batting: RHB Jason Moss
|
0-0: Foul Ball, location: 2F 0-1: Swinging Strike 0-2: Strikes out swinging
|
Batting: LHB Hirakito Herring
|
0-0: Called Strike 0-1: Swinging Strike 0-2: Ball 1-2: Ball 2-2: SINGLE (Groundball, 4MD, EV 100.6 MPH)
|
Batting: RHB Brad Boals
|
0-0: Ball 1-0: Called Strike 1-1: Ball 2-1: Swinging Strike 2-2: Foul Ball, location: 2F 2-2: Ball 3-2: Foul Ball, location: 2F 3-2: Strikes out swinging
|
Top of the 6th over - 0 runs, 1 hit, 0 errors, 1 left on base; Chicago (WIN) 9 - Asheville 0 |
BOTTOM OF THE 6TH |
Asheville Tourists batting - Pitching for Chicago (WIN) White Sox : RHP Derrick Easley
|
Batting: RHB Juan Figueroa
|
0-0: Ball 1-0: Ball 2-0: Ball 3-0: Called Strike 3-1: Foul Ball, location: 2F 3-2: Base on Balls
|
Batting: SHB Jamie Mims
|
0-0: Ball 1-0: Ball 2-0: Swinging Strike 2-1: Fly out, F8 (Line Drive, 78M, EV 96.9 MPH)
|
Pitching: RHP Jerry JimAnez
|
|
Batting: RHB Ray Insley
|
0-0: Ball 1-0: Grounds into double play, 6-4-3 (Groundball, 6, EV 81.2 MPH)
|
Bottom of the 6th over - 0 runs, 0 hits, 0 errors, 0 left on base; Chicago (WIN) 9 - Asheville 0 |
TOP OF THE 7TH |
Chicago (WIN) White Sox batting - Pitching for Asheville Tourists : RHP Zach Sommer
|
Batting: LHB Angel Tellez
|
0-0: Called Strike 0-1: SINGLE (Line Drive, 8LS, EV 110.6 MPH)
|
Pitching: RHP Vas Karamyshev
|
|
Batting: LHB Ryan Dyal
|
0-0: Ball 1-0: Foul Ball, location: 2F 1-1: Swinging Strike Balk! Angel Tellez to second 1-2: Foul Ball, location: 2F 1-2: Foul Ball, location: 2F 1-2: Strikes out swinging
|
Batting: RHB Danny Longoria
|
0-0: Foul Ball, location: 2F 0-1: Called Strike 0-2: Ball 1-2: Ball 2-2: Ball 3-2: Strikes out swinging
|
Pinch Hitting: RHB Vic Lucatero
|
0-0: Foul Ball, location: 2F 0-1: Swinging Strike 0-2: Ball 1-2: Foul Ball, location: 2F 1-2: Foul Ball, location: 2F 1-2: Strikes out swinging
|
Top of the 7th over - 0 runs, 1 hit, 0 errors, 1 left on base; Chicago (WIN) 9 - Asheville 0 |
BOTTOM OF THE 7TH |
Asheville Tourists batting - Pitching for Chicago (WIN) White Sox : RHP Jerry JimAnez
|
Now in RF: Vic Lucatero
|
|
Pinch Hitting: RHB Zakhar Edelman
|
0-0: SOLO HOME RUN (Flyball, 89XD, EV 110.6 MPH), Distance : 400 ft
|
Pinch Hitting: RHB Pei Xie
|
0-0: Ball 1-0: Fly out, F8 (Line Drive, 78M, EV 99.4 MPH)
|
Batting: RHB John Stevenson
|
0-0: Foul Ball, location: 2F 0-1: Fly out, F8 (Flyball, 8LD, EV 94.4 MPH)
|
Batting: RHB Matviy Oliynyk
|
0-0: Ball 1-0: Ground out 4-3 (Groundball, 4, EV 104.4 MPH)
|
Bottom of the 7th over - 1 run, 1 hit, 0 errors, 0 left on base; Chicago (WIN) 9 - Asheville 1 |
TOP OF THE 8TH |
Chicago (WIN) White Sox batting - Pitching for Asheville Tourists : RHP Vas Karamyshev
|
Now at 2B: Jamie Mims
|
|
Now at SS: Willie Benito
|
|
Now in LF: Zakhar Edelman
|
|
Batting: RHB Jose Medina
|
0-0: Called Strike 0-1: Ball 1-1: Called Strike 1-2: Ball 2-2: Foul Ball, location: 2F 2-2: Strikes out swinging
|
Batting: RHB John Iddings
|
0-0: Ball 1-0: SINGLE (Groundball, 6MD, EV 98.1 MPH)
|
Pitching: RHP Josh Blaschke
|
|
Pinch Hitting: LHB Brandon Hopper
|
0-0: Called Strike 0-1: Called Strike 0-2: Foul Ball, location: 2F 0-2: Strikes out looking
|
Batting: LHB Hirakito Herring
|
0-0: Foul Ball, location: 2F 0-1: Called Strike 0-2: Strikes out swinging
|
Top of the 8th over - 0 runs, 1 hit, 0 errors, 1 left on base; Chicago (WIN) 9 - Asheville 1 |
BOTTOM OF THE 8TH |
Asheville Tourists batting - Pitching for Chicago (WIN) White Sox : RHP Jerry JimAnez
|
Now in LF: Brandon Hopper
|
|
Now in CF: Brad Boals
|
|
Batting: LHB Iehohs Inatho
|
0-0: Swinging Strike 0-1: Swinging Strike 0-2: Foul Ball, location: 2F 0-2: Strikes out swinging
|
Pitching: LHP David Schultz
|
|
Batting: RHB Kevin McKasson
|
0-0: Ball 1-0: Foul Ball, location: 2F 1-1: Swinging Strike 1-2: Strikes out looking
|
Batting: RHB Juan Figueroa
|
0-0: Called Strike 0-1: Swinging Strike 0-2: Ball 1-2: Foul Ball, location: 2F 1-2: SINGLE (Groundball, 6D, EV 96.9 MPH)
|
Pinch Hitting: RHB Andy Rayer
|
0-0: 2-RUN HOME RUN (Flyball, 9LD, EV 96.9 MPH), Distance : 349 ft
|
Batting: RHB Ray Insley
|
0-0: Foul Ball, location: 2F 0-1: Called Strike 0-2: Foul Ball, location: 2F 0-2: Ball 1-2: Ground out 6-3 (Groundball, 6MS, EV 65.0 MPH)
|
Bottom of the 8th over - 2 runs, 2 hits, 0 errors, 0 left on base; Chicago (WIN) 9 - Asheville 3 |
TOP OF THE 9TH |
Chicago (WIN) White Sox batting - Pitching for Asheville Tourists : RHP Josh Blaschke
|
Now at 2B: Andy Rayer
|
|
Batting: RHB Brad Boals
|
0-0: Ball 1-0: Ball 2-0: Called Strike 2-1: Foul Ball, location: 2F 2-2: Foul Ball, location: 2F 2-2: Ball 3-2: Base on Balls
|
Batting: LHB Angel Tellez
|
0-0: Ball Brad Boals is caught stealing 2nd base 2-6 1-0: Called Strike 1-1: Ball 2-1: Ball 3-1: SINGLE (Line Drive, 4D, EV 94.4 MPH)
|
Batting: LHB Ryan Dyal
|
0-0: Called Strike 0-1: Ball 1-1: Called Strike 1-2: Ball 2-2: Foul Ball, location: 2F 2-2: Foul Ball, location: 2F 2-2: Strikes out swinging
|
Batting: RHB Danny Longoria
|
0-0: Ball 1-0: Ball 2-0: Foul Ball, location: 2F 2-1: Foul Ball, location: 2F 2-2: Foul Ball, location: 2F 2-2: SINGLE (Line Drive, 78M, EV 91.9 MPH) Angel Tellez to second
|
Pitching: RHP Mitch Guerrero
|
|
Batting: RHB Vic Lucatero
|
0-0: Ball 1-0: Ball 2-0: Foul Ball, location: 2F 2-1: Foul Ball, location: 2F 2-2: Strikes out looking
|
Top of the 9th over - 0 runs, 2 hits, 0 errors, 2 left on base; Chicago (WIN) 9 - Asheville 3 |
BOTTOM OF THE 9TH |
Asheville Tourists batting - Pitching for Chicago (WIN) White Sox : LHP David Schultz
|
Batting: RHB Zakhar Edelman
|
0-0: Called Strike 0-1: Ball 1-1: SINGLE (Line Drive, 4D, EV 95.0 MPH)
|
Batting: RHB Willie Benito
|
0-0: Called Strike 0-1: Ball 1-1: Ball 2-1: Foul Ball, location: 2F 2-2: Fly out, F8 (Flyball, 8RXD, EV 105.0 MPH)
|
Batting: RHB John Stevenson
|
0-0: Grounds into double play, 6-4-3 (Groundball, 6, EV 90.6 MPH)
|
Bottom of the 9th over - 0 runs, 1 hit, 0 errors, 0 left on base; Chicago (WIN) 9 - Asheville 3 |
|